AoeStats
← s m i f f y

Oasis

509652271Analyzed
2v2 RM · 5d ago on Sep 27, 2026· 26m 41s· 4 players
Game mode
Random Map
Map size
Medium (4 player)
Population
200
Speed
Normal
Resources
Standard
Victory
Conquest
Starting age
Dark Age
Ending age
Imperial Age
RankedLock teamsTeams togetherTeam positionsShared explorationLock speedFull tech treeHidden civsTurbo modeCheats
Victory
Defeat
🇪🇸 Mongols · Spain
1214
+15
🇪🇸 Romans · Spain
1176
+17
🇸🇪 Danes · Sweden
1209
-16
🇬🇧 Magyars · United Kingdom
1187
-16
Faraday
8:53 Loom
10:38 Feudal Age
13:55 Double-Bit Axe
16:28 Castle Age
14:22 Horse Collar
15:51 Bloodlines
16:14 Gold Mining
16:22 Fletching
17:35 Bow Saw
19:29 Wheelbarrow
23:39 Bodkin Arrow
23:45 Padded Archer Armor
25:33 Leather Archer Armor
25:28 Town Watch
AntholeilasAOE
3:42 Loom
10:40 Feudal Age
10:48 Man-at-Arms
15:10 Wheelbarrow
16:39 Double-Bit Axe
20:04 Castle Age
18:01 Horse Collar
18:37 Gold Mining
19:25 Scale Mail Armor
20:09 Fletching
21:23 Chain Mail Armor
22:49 Bow Saw
23:31 Squires
22:52 Long Swordsman
23:55 Heavy Plow
26:46 Hand Cart
s m i f f y
2:56 Loom
11:29 Feudal Age
17:25 Castle Age
16:40 Double-Bit Axe
22:10 Town Watch
24:19 Horse Collar
MehTy
3:38 Loom
10:33 Feudal Age
11:44 Horse Collar
15:00 Wheelbarrow
17:33 Castle Age
16:41 Double-Bit Axe
25:00 Heavy Plow
26:38 Hand Cart
Connection lost

Rejoining the realm…

Still unreachable

The connection could not be restored.

Session expired

The server has moved on; the page needs a fresh start.